 Dungeon Crawl Stone Soup version 0.28-b1-70-g80dc712255 (webtiles) character file.

Game seed: 14027743589361275557

275 tizbic2 the Stinger (level 6, -8/29 HPs)
             Began as a Vine Stalker Venom Mage on Feb 3, 2022.
             Was a Priest of Lugonu.
             Mangled by Eustachio (12 damage)
             ... on level 4 of the Dungeon.
             The game lasted 00:21:42 (3252 turns).

tizbic2 the Stinger (Vine Stalker Venom Mage)       Turns: 3252, Time: 00:21:44

Health: -8/29      AC:  5    Str: 13    XL:     6   Next: 25%
Magic:  0/11       EV: 11    Int: 15    God:    Lugonu [***...]
Gold:   112        SH:  0    Dex: 20    Spells: 10/11 levels left

rFire   + . .      SeeInvis .   s - +1 hand axe (flame)
rCold   x . .      Faith    .   (no shield)
rNeg    . . .      Spirit   +   g - +0 ring mail
rPois   .          Reflect  .   (no helmet)
rElec   .          Harm     .   (no cloak)
rCorr   .          Rampage  .   (no gloves)
Will    .....                   (no boots)
Stlth   ++........              (no amulet)
HPRegen 0.89/turn               i - +6 ring of dexterity
MPRegen 0.12/turn               e - ring of fire

@: no status effects
A: fangs 2, regeneration 1, magic shield, antimagic bite, no potion heal 2
a: Renounce Religion, Depart the Abyss, Bend Space, Banish


You were on level 4 of the Dungeon.
You worshipped Lugonu.
Lugonu was most pleased with you.
You visited 1 branch of the dungeon, and saw 4 of its levels.

You collected 112 gold pieces.

Inventory:

Hand Weapons
 d - a +0 morningstar
 j - a +0 war axe
 s - a +1 hand axe of flaming (weapon)
Missiles
 a - 5 atropa-tipped darts
 c - 100 stones (quivered)
 k - 19 arrows
 m - 68 bolts
Armour
 g - a +0 ring mail (worn)
Jewellery
 e - a ring of fire (right hand)
 i - a +6 ring of dexterity (left hand)
Scrolls
 b - 3 scrolls of fog
 h - a scroll of identify
 n - a scroll of magic mapping {unknown}
 q - 2 scrolls of silence {unknown}
 r - 2 scrolls of teleportation
 t - a scroll of torment {unknown}
Potions
 f - 2 potions of curing
 l - a potion of lignification
 o - a potion of flight {unknown}
 p - a potion of might {unknown}


   Skills:
 - Level 0.3 Fighting
 + Level 1.3 Axes
 + Level 1.6 Armour
 - Level 1.8 Dodging
 - Level 2.4 Stealth
 + Level 3.2 Spellcasting
 - Level 0.9 Necromancy
 - Level 1.2 Transmutations
 * Level 4.4 Poison Magic
 + Level 2.1 Invocations


You had 10 spell levels left.
You knew the following spells:

 Your Spells              Type           Power      Damage    Failure   Level
a - Sting                 Tmut/Pois      40%        1d5       13%         1

Your spell library contained the following spells:

 Spells                   Type           Power      Damage    Failure   Level
 Poisonous Vapours        Pois/Air       18%        N/A       26%         2
 Animate Skeleton         Necr           10%        N/A       28%         1
 Pain                     Necr           20%        1d5       28%         1
 Wereblood                Tmut           6%         N/A       36%         2
 Freeze                   Ice            8%         1d3       38%         1
 Sublimation of Blood     Necr           5%         N/A       38%         2
 Ignite Poison            Fire/Tmut/Pois 12%        N/A       50%         3
 Mephitic Cloud           Conj/Pois/Air  6%         N/A       56%         3
 Olgreb's Toxic Radiance  Pois           15%        N/A       56%         4
 Vampiric Draining        Necr           5%         2d6       63%         3
 Conjure Flame            Conj/Fire      3%         6-21      77%         3
 Frozen Ramparts          Ice            4%         1d2       77%         3
 Hailstorm                Conj/Ice       2%         3d3       99%         4
 Passage of Golubria      Tloc           2%         N/A       99%         4
 Sticky Flame             Conj/Fire      3%         2d3       99%         4
 Silence                  Hex/Air        1%         N/A       100%        5
 Summon Hydra             Summ           1%         N/A       100%        7
 Lehudib's Crystal Spear  Conj/Erth      1%         10d2      100%        8
 Chain Lightning          Conj/Air       1%         3d1       100%        9
 Fire Storm               Conj/Fire      1%         8d1       100%        9
 Shatter                  Erth           1%         3d5*      100%        9


Dungeon Overview and Level Annotations

Branches:
Dungeon (4/15)
 Temple: D:4-7

Altars:
Lugonu

Annotations:
D:4 Eustachio


Innate Abilities, Weirdness & Mutations

You have extremely sharp teeth.
Your natural rate of healing is unusually fast.
When hurt, damage is shared between your health and your magic reserves.
Your bite disrupts and absorbs the magic of your enemies.
Potions cannot restore your health.


Message History

The river rat looks more healthy.
The river rat bites you but does no damage.
You closely miss the river rat. Your bite misses the river rat.
The river rat is almost dead.
The river rat bites you. x2
You hit the river rat. You burn the river rat.
You kill the river rat!
The river rat's corpse disappears in a puff of smoke!
You closely miss Eustachio. You bite Eustachio.
Eustachio's magic leaks into the air.
You drain his magic.
You feel invigorated.
Eustachio is moderately wounded.
The crimson imp disappears in a puff of smoke!
Eustachio hits you with a +4 rapier of electrocution.
You are electrocuted!
Casting: Sting (safe; 13% risk of failure)
Confirm with . or Enter, or press ? or * to list all spells.
Aiming: Sting (safe; 13% risk of failure)
Press: ? - help, Shift-Dir - straight line, f/p - Eustachio
Aim: Eustachio, wielding a +4 rapier of electrocution and wearing a +0 leather armour (moderately wounded, magic disrupted, 60% to hit)
The sting hits Eustachio.
Eustachio is poisoned.
Eustachio is heavily wounded.
Eustachio casts a spell.
Eustachio blinks!
You start resting.
Eustachio is nearby!
You hit Eustachio. You burn Eustachio.
Eustachio is severely wounded.
Eustachio hits you with a +4 rapier of electrocution.
You are electrocuted!
* * * LOW HITPOINT WARNING * * *
Casting: Sting (safe; 13% risk of failure)
Confirm with . or Enter, or press ? or * to list all spells.
Aiming: Sting (safe; 13% risk of failure)
Press: ? - help, Shift-Dir - straight line, f/p - Eustachio
Aim: Eustachio, wielding a +4 rapier of electrocution and wearing a +0 leather armour (severely wounded, poisoned, magic disrupted, 60% to hit)
The sting hits Eustachio.
Eustachio looks even sicker.
Eustachio is severely wounded.
Eustachio hits you with a +4 rapier of electrocution!
You die...

#######.####.####+####'
#.........#..........#.
#.........#..........#.
#.........#..........#.
#.........#..........#.
#.........#..........#.
#..# #...##...##......
####..###...####'########
#.....#@@....'....#
#.....'......#....#
#.....#......#....#
#########...##...##
##########


You could see Eustachio (very poisoned, magic disrupted).

Vanquished Creatures
  An ogre (D:4)
  A scorpion (D:4)
  2 hound skeletons (D:4)
  4 adders
  A worm (D:2)
  A dart slug (D:1)
  6 orcs
  9 ball pythons
  4 bats
  7 endoplasms
  2 giant cockroaches
  4 goblins
  5 hobgoblins
  7 kobolds
  4 quokkas
  2 frilled lizards (D:3)
  4 rats
64 creatures vanquished.

Notes
Turn   | Place    | Note
-------+----------+-------------------------------------------
     0 | D:1      | tizbic2 the Vine Stalker Venom Mage began the quest for the
                  | Orb.
     0 | D:1      | Reached XP level 1. HP: 9/9 MP: 4/4
   255 | D:1      | Reached XP level 2. HP: 13/13 MP: 4/6
   859 | D:2      | Reached XP level 3. HP: 16/16 MP: 3/7
   989 | D:2      | Found a faded altar of an unknown god.
   995 | D:2      | Prayed at the altar of an unknown god.
   995 | D:2      | Became a worshipper of Lugonu the Unformed
   995 | D:2      | Reached * piety under Lugonu
   995 | D:2      | Reached ** piety under Lugonu
  1750 | D:2      | Gained mutation: Your natural rate of healing is unusually
                  | fast. [Vine Stalker growth]
  1750 | D:2      | Reached XP level 4. HP: 21/21 MP: 9/9
  1921 | D:2      | Reached skill level 1 in Invocations
  2364 | D:3      | Reached skill level 1 in Armour
  2458 | D:3      | Reached *** piety under Lugonu
  3112 | D:4      | Reached XP level 5. HP: 14/25 MP: 2/10
  3126 | D:4      | Noticed an ogre
  3137 | D:4      | Killed an ogre
  3138 | D:4      | Reached skill level 1 in Axes
  3138 | D:4      | Reached skill level 4 in Poison Magic
  3152 | D:4      | Reached XP level 6. HP: 29/29 MP: 1/11
  3206 | D:4      | Noticed Eustachio
  3252 | D:4      | Mangled by Eustachio

Illustrated notes

Levels and vault maps discovered:
D:1:      tarquinn_simple_flora_water_d, layout_loops_ring, minivault_23,
          minmay_split_cup_large
D:2:      minmay_chambers_of_twos, layout_basic,
          chequers_ecumenical_altar_grove, grunt_decor_resistance
D:3:      layout_basic
D:4:      layout_gridville, minmay_misc_feat_five, uniq_sigmund,
          uniq_blork_the_orc, uniq_ijyb, uniq_eustachio

Skill      XL: |  1  2  3  4  5 |
---------------+----------------+-----
Invocations    | 1 2 |  2.1
Armour         | 1 |  1.6
Axes           | 1 |  1.3
Spellcasting   | 3 |  3.2
Poison Magic   | 4 |  4.4
Fighting       | |  0.3
Dodging        | |  1.8
Stealth        | |  2.4
Necromancy     | |  0.9
Transmutations | |  1.2

Action                   |  1- 3 |  4- 6 || total
-------------------------+-------+-------++-------
Melee: Unarmed           |     4 |       ||     4
       Dagger            |    38 |     3 ||    41
       Bite              |    15 |    15 ||    30
       Short sword       |     1 |       ||     1
       War axe           |       |    30 ||    30
       Hand axe          |       |    33 ||    33
Throw: Stone             |    19 |     8 ||    27
 Cast: Sting             |    44 |    38 ||    82
Invok: Bend Space        |     5 |       ||     5
  Use: Scroll            |     3 |     2 ||     5
       Potion            |     1 |       ||     1
 Stab: Sleeping          |     2 |       ||     2
Armor: Robe              |     4 |       ||     4
       Ring mail         |    21 |    27 ||    48
Dodge: Dodged            |    40 |    46 ||    86
